 Dungeon Crawl Stone Soup version 0.30-a0-643-g638baaf3f0 (webtiles) character file.

Game seed: 13645492083044808328

29117 Absynth the Severer (level 13, -11/119 HPs)
             Began as a Minotaur Fighter on Jan 16, 2023.
             Was an Elder of Okawaru.
             Mangled by a boulder beetle (34 damage)
             ... on level 2 of the Lair of Beasts.
             The game lasted 00:47:34 (15826 turns).

Absynth the Severer (Minotaur Fighter)             Turns: 15826, Time: 00:47:35

Health: -11/119    AC: 18    Str: 26    XL:     13   Next: 13%
Magic:  18/18      EV: 14    Int:  5    God:    Okawaru [****..]
Gold:   1553       SH:  0    Dex: 10    Spells: 12/12 levels left

rFire   . . .      SeeInvis .    a - +3 battleaxe (freeze)
rCold   . . .      Faith    .    (shield currently unavailable)
rNeg    . . .      Spirit   .    g - +0 swamp dragon scales
rPois   +          Reflect  .    (helmet restricted)
rElec   .          Harm     .    j - +0 cloak
rCorr   +          Rampage  .    (no gloves)
Will    .....                    (no boots)
Stlth   ++                       (no amulet)
HPRegen 0.39/turn                u - ring of resist corrosion
MPRegen 0.16/turn                x - +4 ring of protection

@: heroic
A: horns 2, retaliatory headbutt
a: Renounce Religion, Heroism, Finesse


You were on level 2 of the Lair of Beasts.
You worshipped Okawaru.
Okawaru was greatly pleased with you.
You visited 4 branches of the dungeon, and saw 16 of its levels.

You collected 1553 gold pieces.

Inventory:

Hand Weapons
 a - a +3 battleaxe of freezing (weapon)
 b - a +0 shortbow
Missiles
 J - a boomerang of dispersal
Armour
 g - +0 swamp dragon scales (worn)
 j - a +0 cloak (worn)
Jewellery
 u - a ring of resist corrosion (left hand)
 x - a +4 ring of protection (right hand)
Wands
 z - a wand of flame (12)
 C - a wand of light (3)
 F - a wand of mindburst (6)
 G - a wand of roots (4)
Scrolls
 c - 2 scrolls of enchant armour
 i - 3 scrolls of identify
 k - 2 scrolls of summoning
 l - 2 scrolls of vulnerability
 p - 3 scrolls of teleportation
 q - 3 scrolls of amnesia
 s - 2 scrolls of enchant weapon
 t - a scroll of silence {unknown}
 v - 2 scrolls of magic mapping
 y - a scroll of torment {unknown}
 A - a scroll of immolation {unknown}
 B - 2 scrolls of poison {unknown}
 E - 2 scrolls of noise {unknown}
Potions
 d - 3 potions of might
 e - 2 potions of curing
 f - 2 potions of ambrosia {unknown}
 h - 2 potions of haste
 m - a potion of lignification {unknown}
 n - a potion of cancellation {unknown}
 o - a potion of invisibility
 r - a potion of resistance {unknown}
 w - 4 potions of flight
 D - a potion of attraction {unknown}
 H - 2 potions of magic {unknown}


   Skills:
 + Level 12.7(17.7) Fighting
 * Level 17.0(22.0) Axes
 + Level 12.7(17.7) Armour
 + Level 4.1(9.1) Dodging
 - Level 3.6(8.6) Shields
 + Level 9.0 Invocations


You had 12 spell levels left.
You didn't know any spells.
Your spell library contained the following spells:

 Spells                   Type           Power      Damage    Failure   Level
 Apportation              Tloc           0%         N/A       56%         1
 Necrotise                Necr           0%         1d4       56%         1
 Sandblast                Erth           0%         2d4       56%         1
 Passwall                 Tmut/Erth      0%         N/A       71%         2
 Ignite Poison            Fire/Tmut/Pois 0%         N/A       90%         3
 Stone Arrow              Conj/Erth      0%         3d7       90%         3
 Passage of Golubria      Tloc           0%         N/A       100%        4
 Sticky Flame             Conj/Fire      0%         2d3       100%        4
 Yara's Violent Unravell  Hex/Tmut       0%         3d3       100%        5
 Enfeeble                 Hex            0%         N/A       100%        7
 Ignition                 Fire           0%         3d3       100%        8
 Summon Small Mammal      Summ           Unusable   N/A       N/A         1
 Tukima's Dance           Hex            Unusable   N/A       N/A         3

Dungeon Overview and Level Annotations

Branches:
Dungeon (11/15)            Temple (1/1) D:6            Lair (2/5) D:10
    Orc (2/2) D:11            Elf (0/3) Orc:2
  Swamp: Lair:2-3    Shoals: Lair:2-3     Snake: Lair:2-3    Spider: Lair:2-3

Altars:
Ashenzari
Cheibriados
Dithmenos
Elyvilon
Fedhas
Gozag
Hepliaklqana
Kikubaaqudgha
Makhleb
Nemelex Xobeh
Okawaru
Qazlal
Ru
Sif Muna
Trog
Uskayaw
Vehumet
Wu Jian
Xom
Yredelemnul
Zin
The Shining One
Lugonu

Shops:
D:4 *   Orc:2 ==*(

Portals:
Abyss: Lair:2

Annotations:
D:8 2 transporters
Lair:2 1 runed translucent door, Muix's ghost, journeyman DsIE


Innate Abilities, Weirdness & Mutations

You have a pair of horns on your head.
You reflexively headbutt those who attack you in melee.


Message History

You hit the boulder beetle. You freeze the boulder beetle.
The boulder beetle is moderately wounded.
You completely miss the fungus.
The boulder beetle bites you but does no damage.
You hit the boulder beetle. You freeze the boulder beetle.
The boulder beetle is moderately wounded.
You hit the fungus. You freeze the fungus.
A nearby fungus withers and dies.
The boulder beetle bites you!
* * * LOW HITPOINT WARNING * * *
You feel better. The boulder beetle misses you.
You slice the boulder beetle!! You freeze the boulder beetle!
You headbutt the boulder beetle.
The boulder beetle is severely wounded.
You hit the boulder beetle but do no damage.
The boulder beetle is severely wounded.
The boulder beetle leaps!
Your +3 battleaxe of freezing stops glowing.
b - a +0 shortbow (weapon)
You are too injured to fight recklessly!
Fire: b) +0 shortbow
Press: ? - help, Q - select action, (/) - cycle Shift-Dir - straight line, f - boulder beetle
Aim: a boulder beetle (severely wounded, 91% to hit)
You shoot an arrow.
The arrow barely misses the boulder beetle.
Fire: b) +0 shortbow
Press: ? - help, Q - select action, (/) - cycle Shift-Dir - straight line, f/p - boulder beetle
Aim: a boulder beetle (severely wounded, 91% to hit)
You shoot an arrow. The arrow hits the boulder beetle.
The boulder beetle is severely wounded.
Fire: b) +0 shortbow
Press: ? - help, Q - select action, (/) - cycle Shift-Dir - straight line, f/p - boulder beetle
Aim: a boulder beetle (severely wounded, 91% to hit)
You shoot an arrow.
The arrow hits the boulder beetle but does no damage.
The boulder beetle is severely wounded.
The boulder beetle curls into a ball and begins rolling!
Your +3 battleaxe of freezing glows with a cold blue light!
a - a +3 battleaxe of freezing (weapon)
The boulder beetle hits you!!
You die...

..# ...# #...# #...##
#.... ### #
#...##.###### ### #.
#........#.####.######.
#.#....B°.........:.[...
#....@.°.............^
###...................
##..................
#..............(...
#..................
##..............†..
##......#P.####.##
#......#### #### ##.....
#.


You could see a boulder beetle (rolling).

Vanquished Creatures
  An ogre mage (Orc:1)
  Erica (Orc:1)
  3 two-headed ogres (Orc:1)
  A boulder beetle (D:10)
  4 death yaks (D:10)
  2 orc high priests (Orc:2)
  6 orc knights
  6 orc sorcerers (Orc:2)
  2 cyclopes
  A gargoyle (D:10)
  3 cane toads (Lair:1)
  Maggie (D:7)
  2 unseen horrors
  3 trolls
  Prince Ribbit (D:8)
  A vampire (D:9)
  A shadow (D:10)
  23 yaks
  4 vampire mosquitoes (D:11)
  2 wyverns
  A steam dragon (D:8)
  Grum (D:9)
  9 wargs
  5 acid dragons
  5 water moccasins
  2 black bears (D:6)
  Duvessa (D:5)
  20 orc warriors
  8 wolves
  9 ogres
  A centaur (D:10)
  A phantom (D:7)
  5 bullfrogs
  A gnoll sergeant (D:9)
  A necrophage (D:6)
  A scorpion (D:4)
  10 wights
  Dowan (D:5)
  9 killer bees (D:8)
  4 howler monkeys
  2 electric eels
  A lava snake (D:10)
  16 orc priests
  3 hounds
  A jelly (D:8)
  3 iron imps (D:5)
  3 iguanas
  22 orc wizards
  10 gnolls
  7 adders
  2 white imps
  A worm (D:2)
  3 dart slugs
  84 orcs
  6 ball pythons
  3 bats
  6 endoplasms
  3 giant cockroaches
  12 goblins
  5 hobgoblins
  5 quokkas
  4 frilled lizards
  6 kobolds
  7 rats
  2 lurking horrors (Lair:2)
380 creatures vanquished.

Vanquished Creatures (others)
  A ball python (D:1)
  A kobold (D:1)
  2 fungi (Lair:2)
  5 plants
  4 withered plants
13 creatures vanquished.

Grand Total: 393 creatures vanquished

Notes
Turn   | Place    | Note
-------+----------+-------------------------------------------
     0 | D:1      | Absynth the Minotaur Fighter began the quest for the Orb.
     0 | D:1      | Reached XP level 1. HP: 19/19 MP: 0/0
   105 | D:1      | Reached XP level 2. HP: 27/27 MP: 1/1
   119 | D:1      | Reached skill level 3 in Axes
   448 | D:1      | Reached XP level 3. HP: 33/33 MP: 2/2
  1161 | D:2      | Reached skill level 4 in Axes
  1165 | D:2      | Reached XP level 4. HP: 39/41 MP: 3/3
  1630 | D:3      | Found a faded altar of an unknown god.
  1646 | D:3      | Found an iron altar of Okawaru.
  1793 | D:3      | Found a hide-covered altar of Uskayaw.
  2040 | D:3      | Reached XP level 5. HP: 40/47 MP: 4/4
  2482 | D:4      | Reached skill level 5 in Axes
  2630 | D:4      | Reached skill level 5 in Fighting
  2632 | D:4      | Reached skill level 5 in Armour
  2632 | D:4      | Reached XP level 6. HP: 49/56 MP: 5/5
  2966 | D:4      | Reached skill level 6 in Axes
  3249 | D:4      | Found Zin's Purification Station.
  3253 | D:4      | Found a glowing silver altar of Zin.
  3385 | D:4      | Found a basalt altar of Yredelemnul.
  3472 | D:4      | Found a blossoming altar of Fedhas.
  3536 | D:4      | Found a glowing golden altar of the Shining One.
  3713 | D:5      | Entered Level 5 of the Dungeon
  3916 | D:5      | Noticed a water moccasin
  3932 | D:5      | Killed a water moccasin
  3933 | D:5      | Reached XP level 7. HP: 36/62 MP: 6/6
  4153 | D:5      | Reached skill level 7 in Axes
  4189 | D:5      | Noticed Duvessa
  4189 | D:5      | Noticed Dowan
  4352 | D:5      | Killed Dowan
  4401 | D:5      | Killed Duvessa
  4681 | D:5      | Found an opulent altar of Gozag.
  4837 | D:5      | Found a burning altar of Makhleb.
  5016 | D:6      | Reached skill level 8 in Axes
  5039 | D:6      | Found a staircase to the Ecumenical Temple.
  5051 | Temple   | Entered the Ecumenical Temple
  5051 | Temple   | Noticed an orange demon
  5051 | Temple   | Noticed a blizzard demon
  5052 | Temple   | Noticed Ogovod the pandemonium lord
  5052 | Temple   | Noticed Kautwamn the pandemonium lord
  5053 | Temple   | Noticed a rust devil
  5060 | Temple   | Noticed Hegrazuu the pandemonium lord
  5060 | Temple   | Noticed an orange demon
  5061 | Temple   | Noticed a soul eater
  5061 | Temple   | Noticed Raliukk the pandemonium lord
  5061 | Temple   | Noticed a rust devil
  5063 | Temple   | Noticed a red devil
  5104 | Temple   | Noticed Olokh the pandemonium lord
  5134 | Temple   | Noticed an orange demon
  5135 | Temple   | Noticed Figharisoph the pandemonium lord
  5255 | D:3      | Became a worshipper of Warmaster Okawaru
  5355 | D:6      | Found a broken altar of Ashenzari.
  5359 | D:6      | Found a white marble altar of Elyvilon.
  5374 | D:6      | Reached XP level 8. HP: 59/71 MP: 7/7
  5648 | D:6      | Found a hazy altar of Hepliaklqana.
  5801 | D:7      | Found a snail-covered altar of Cheibriados.
  5806 | D:7      | Noticed Maggie
  5818 | D:7      | Killed Maggie
  5818 | D:7      | Reached * piety under Okawaru
  5819 | D:7      | Reached skill level 9 in Axes
  5819 | D:7      | Reached skill level 1 in Invocations
  5921 | D:7      | Found an ancient bone altar of Kikubaaqudgha.
  5950 | D:7      | HP: 1/73 [wyvern (13)]
  6511 | D:7      | Found a shadowy altar of Dithmenos.
  6680 | D:7      | Found a radiant altar of Vehumet.
  6749 | D:7      | Reached ** piety under Okawaru
  6750 | D:7      | Reached skill level 10 in Axes
  6750 | D:7      | Reached XP level 9. HP: 51/81 MP: 8/10
  7107 | D:8      | Found a transporter.
  7109 | D:8      | Noticed a boulder beetle
  7109 | D:8      | Noticed a tengu conjurer
  7118 | D:8      | Noticed a manticore
  7120 | D:8      | Found a transporter.
  7391 | D:8      | Found a sparkling altar of Nemelex Xobeh.
  7488 | D:8      | Reached skill level 11 in Axes
  7637 | D:8      | Noticed Prince Ribbit
  7645 | D:8      | Killed Prince Ribbit
  7645 | D:8      | Reached *** piety under Okawaru
  8349 | D:9      | Reached XP level 10. HP: 69/91 MP: 9/12
  8424 | D:9      | Noticed Grum
  8433 | D:9      | Killed Grum
  8454 | D:9      | Reached skill level 12 in Axes
  8698 | D:9      | Reached skill level 5 in Invocations
  8769 | D:9      | Noticed a cyclops
  9428 | D:9      | Killed a cyclops
  9529 | D:10     | Entered Level 10 of the Dungeon
  9879 | D:10     | Reached skill level 13 in Axes
  9887 | D:10     | Reached **** piety under Okawaru
  9936 | D:10     | Reached skill level 10 in Fighting
  9939 | D:10     | Reached skill level 10 in Armour
 10019 | D:10     | Noticed a gargoyle
 10049 | D:10     | Killed a gargoyle
 10469 | D:10     | Noticed a death yak
 10556 | D:10     | Noticed a death yak
 10584 | D:10     | Killed a death yak
 10585 | D:10     | Reached XP level 11. HP: 86/100 MP: 12/14
 10631 | D:10     | Noticed a death yak
 10631 | D:10     | Noticed a death yak
 10683 | D:10     | Killed a death yak
 10692 | D:10     | Killed a death yak
 10849 | D:10     | Noticed a death yak
 10849 | D:10     | Noticed a death yak
 10849 | D:10     | Noticed a death yak
 10863 | D:10     | Killed a death yak
 10864 | D:10     | Reached skill level 14 in Axes
 11175 | D:10     | Found a staircase to the Lair.
 11181 | D:10     | Noticed a boulder beetle
 11207 | D:10     | Killed a boulder beetle
 11809 | D:11     | Reached ***** piety under Okawaru
 11812 | D:11     | Found a staircase to the Orcish Mines.
 12093 | D:11     | Reached skill level 15 in Axes
 12532 | Orc:1    | Entered Level 1 of the Orcish Mines
 12881 | Orc:1    | Noticed an orc knight
 12899 | Orc:1    | Killed an orc knight
 12900 | Orc:1    | Reached XP level 12. HP: 97/110 MP: 13/16
 13098 | Orc:1    | Noticed a two-headed ogre
 13107 | Orc:1    | Killed a two-headed ogre
 13131 | Orc:1    | Noticed an ogre mage
 13132 | Orc:1    | Received a gift from Okawaru
 13156 | Orc:1    | Killed an ogre mage
 13169 | Orc:1    | Noticed a two-headed ogre
 13182 | Orc:1    | Killed a two-headed ogre
 13509 | Orc:1    | Noticed Erica
 13523 | Orc:1    | Killed Erica
 13685 | Orc:1    | Noticed a two-headed ogre
 13692 | Orc:1    | Killed a two-headed ogre
 13693 | Orc:1    | Reached skill level 1 in Dodging
 13747 | Orc:2    | Entered Level 2 of the Orcish Mines
 13873 | Orc:2    | Reached skill level 16 in Axes
 14254 | Orc:2    | Found a staircase to the Elven Halls.
 14639 | Orc:2    | Found Umehan Rau's Jewellery Boutique.
 14648 | Orc:2    | Paralysed by an orc sorcerer for 4 turns
 14655 | Orc:2    | Noticed an orc high priest
 14655 | Orc:2    | Noticed an orc high priest
 14655 | Orc:2    | Noticed an orc high priest
 14671 | Orc:2    | Killed an orc high priest
 15182 | Orc:2    | Killed an orc high priest
 15191 | Orc:2    | Reached XP level 13. HP: 59/119 MP: 16/18
 15359 | Orc:2    | Found Puorchir's Assorted Antiques.
 15374 | Orc:2    | Found Vorimm's Antique Weapon Shoppe.
 15376 | Orc:2    | Found Viaceb's Jewellery Boutique.
 15541 | Lair:1   | Entered Level 1 of the Lair of Beasts
 15624 | Lair:1   | Reached skill level 17 in Axes
 15714 | Lair:1   | You fall into a shaft and drop 1 floor!
 15714 | Lair:2   | Noticed Muix's ghost (journeyman DsIE)
 15714 | Lair:2   | Found a runed translucent door.
 15714 | Lair:2   | Found a shimmering altar of Xom.
 15715 | Lair:2   | Found a corrupted altar of Lugonu.
 15715 | Lair:2   | Identified the +7 quarterstaff of Zin's Delight {chaos,
                  | Str+2 Int+3 Dex-3}
 15719 | Lair:2   | Found a one-way gate to the infinite horrors of the Abyss.
 15826 | Lair:2   | Mangled by a boulder beetle

Illustrated notes

Levels and vault maps discovered:
D:1:      dpeg_arrival_tiny_g, layout_loops_ring, lemuel_flame_loot_1
D:2:      minmay_alternating_diamond, layout_loops_ring
D:3:      layout_loops_ring, mainiacjoe_overflow_boulevard,
          general_overflow_altar, ebering_ecumenical_altar_petrified,
          nrook_uturn, chequers_serial_rivers_marsh, minmay_splitting_lines,
          kennysheep_cross_bottleneck
D:4:      layout_basic, yredelemnul_altar_generic, fedhas_altar_fruit_tree,
          zin_purify, mainiacjoe_overflow_24_doors
D:5:      layout_basic, demons_altar, grunt_gozag_statues,
          chequers_serial_rivers_small_a, serial_park_tiny_2, uniq_duvessa
D:6:      layout_rooms, cheibrodos_ashenzari_chains, old_standard_altar,
          mainiacjoe_overflow_concentric_impassable,
          minmay_temple_entry_sparse_star, corexii_checkpoint_a,
          kennysheep_cluttered_room
D:7:      layout_loops_corners, mainiacjoe_overflow_surrounded_room,
          old_standard_altar, nicolae_overflow_crystal_walls,
          kiku_gazebo_garden_becter, uniq_maggie
D:8:      gammafunk_sealed_arena, layout_cave_pools,
          mainiacjoe_overflow_tiny_flanked, uniq_prince_ribbit1
D:9:      layout_roguey [special_room_orc], uniq_grum
D:10:     layout_basic, dpeg_lair_monsters, kennysheep_generic_room_6
D:11:     layout_basic, david_orc_2, serial_curves, eino_curves_03,
          eino_curves_01
Temple:   nicolae_temple_panitentiary
Lair:1:   layout_hall_layers, basic_altar, chequers_serial_rivers_small_a,
          minivault_24, nicolae_lair_lakeside_cave, infiniplex_staircase_pool
Lair:2:   layout_hall_layers, ebering_ghost_xom,
          amcnicky_altar_lugonu_corruption, serial_bayou_shore_b
Orc:1:    layout_diamond_mine, nooodl_orcs_dogs, uniq_erica
Orc:2:    st_orc_elflike, layout_caves

Skill      XL: |  1  2  3  4  5  6  7  8  9 10 11 12 13 |
---------------+----------------------------------------+-----
Axes           | 3 4 5 6 8 10 11 13 15 16 17 | 17.0
Fighting       | 4 5 6 7 9 10 11 12 | 12.7
Armour         | 4 5 6 7 9 10 11 12 | 12.7
Invocations    | 2 4 6 7 8 9 |  9.0
Dodging        | 3 4 |  4.1
Shields        | |  3.6

Action                   |  1- 3 |  4- 6 |  7- 9 | 10-12 | 13-15 || total
-------------------------+-------+-------+-------+-------+-------++-------
Melee: War axe           |    73 |   133 |   254 |   221 |       ||   681
       Headbutt          |    10 |    20 |    48 |    89 |    12 ||   179
       Battleaxe         |       |       |       |   243 |    45 ||   288
 Fire: Shortbow          |       |       |       |     9 |     4 ||    13
Invok: Heroism           |       |       |     4 |    24 |     4 ||    32
       Finesse           |       |       |       |     2 |       ||     2
Evoke: Wand              |       |       |       |     1 |       ||     1
  Use: Potion            |       |     2 |     4 |     3 |     1 ||    10
       Scroll            |       |       |     5 |     7 |       ||    12
 Stab: Distracted        |       |       |       |     2 |       ||     2
       Invisible         |       |       |       |     1 |       ||     1
Armor: Scale mail        |     8 |       |       |       |       ||     8
       Swamp dragon scal |    19 |    79 |   108 |   197 |    16 ||   419
Dodge: Dodged            |    33 |    39 |    98 |   185 |    18 ||   373
Block: Buckler           |     8 |    25 |    64 |    38 |       ||   135

Table legend: (Time is in decaauts)
 A = Elapsed time spent in this place.
 B = Non-inter-level travel time spent in this place.
 C = Inter-level travel time spent in this place.
 D = Time resting spent in this place.
 E = Time spent auto-exploring this place.
 F = Levels seen in this place.
 G = Mean time per level.
                   A        B        C        D        E       F      G
               +--------+--------+--------+--------+--------+-----+--------+
         Total |  15790 |  15216 |    574 |   3339 |   8159 |  16 |  986.9 |
       Dungeon |  12460 |  11991 |    469 |   2446 |   7004 |  11 | 1132.7 |
        Temple |    131 |    129 |      2 |      0 |     92 |   1 |  131.0 |
          Lair |    274 |    274 |      0 |     56 |     74 |   2 |  137.0 |
  Orcish Mines |   2923 |   2820 |    103 |    837 |    989 |   2 | 1461.5 |
               +--------+--------+--------+--------+--------+-----+--------+

Top non-repeatable levels by time:
    D:10: 1823 daAuts
     D:9: 1657 daAuts
   Orc:2: 1491 daAuts
   Orc:1: 1432 daAuts
     D:4: 1333 daAuts
     D:7: 1311 daAuts
     D:5: 1209 daAuts
     D:8: 1167 daAuts
     D:3: 1006 daAuts
     D:1: 859 daAuts
    D:11: 776 daAuts
     D:2: 765 daAuts
     D:6: 551 daAuts
  Lair:1: 166 daAuts
  Temple: 131 daAuts
